Map: Newkirk Precinct TE (Void)

Players

FeaR

  • Race: Protoss Protoss
  • Spawn Location: 5:00

TLO - Winner!

  • Race: Zerg Zerg
  • Spawn Location: 7:00

Event: WCS Austin 2017

VOD

Have the link to the VOD?

Description

Time

  • Played on: April 28, 2017, 4:44 p.m.
  • Length: 14:27

All games in this series

Show
View Real Time Build Order
Export as new Build Order

FeaR Protoss 

Build Orders: Nexus First 

Get SALT Encoding   

  12  0:00  Probe (Chrono Boost)  
  13  0:11  Probe (Chrono Boost)  
  14  0:18  Pylon  
  14  0:22  Probe (Chrono Boost)  
  15  0:36  Probe (Chrono Boost)  
  16  0:47  Probe (Chrono Boost)  
  17  1:00  Nexus  
  17  1:11  Gateway  
  17  1:15  Probe (Chrono Boost)  
  18  1:23  Assimilator  
  18  1:26  Probe (Chrono Boost)  
  18  1:29  Assimilator  
  19  1:36  Probe (Chrono Boost)  
  20  1:42  Gateway  
  21  1:47  Probe (Chrono Boost)  
  21  1:57  Probe (Chrono Boost)  
  21  2:00  Cybernetics Core  
  22  2:08  Probe (Chrono Boost)  
  23  2:12  Probe (Chrono Boost)  
  24  2:18  Probe (Chrono Boost)  
  26  2:23  Probe (Chrono Boost)  
  26  2:29  Probe (Chrono Boost)  
  27  2:33  Adept x2  
  27  2:34  Probe (Chrono Boost)  
  32  2:41  Probe (Chrono Boost)  
  33  2:45  Warp Gate  
  33  2:46  Probe (Chrono Boost)  
  33  2:51  Pylon  
  34  2:54  Probe (Chrono Boost)  
  34  2:56  Adept  
  36  2:59  Probe (Chrono Boost)  
  38  3:05  Adept  
  38  3:11  Probe x2 (Chrono Boost)  
  42  3:25  Probe (Chrono Boost)  
  41  3:29  Probe (Chrono Boost)  
  42  3:37  Probe (Chrono Boost)  
  42  3:39  Adept x2  
  41  3:41  Probe (Chrono Boost)  
  44  3:48  Pylon  
  44  3:50  Probe (Chrono Boost)  
  44  3:52  Stargate  
  44  3:53  Probe (Chrono Boost)  
  45  4:00  Pylon  
  45  4:02  Probe (Chrono Boost)  
  46  4:06  Assimilator  
  46  4:07  Probe (Chrono Boost)  
  47  4:12  Probe (Chrono Boost)  
  47  4:13  Adept x2  
  52  4:18  Probe (Chrono Boost)  
  52  4:23  Probe (Chrono Boost)  
  54  4:26  Twilight Council  
  54  4:27  Gateway  
  54  4:29  Probe (Chrono Boost)  
  55  4:32  Phoenix  
  55  4:34  Probe (Chrono Boost)  
  55  4:35  Pylon  
  58  4:41  Probe (Chrono Boost)  
  58  4:44  Probe (Chrono Boost)  
  60  4:51  Resonating Glaives  
  61  4:53  Probe (Chrono Boost), Nexus  
  61  4:54  Pylon  
  62  5:01  Probe (Chrono Boost)  
  62  5:07  Adept x2  
  64  5:08  Probe (Chrono Boost)  
  64  5:14  Robotics Facility  
  67  5:18  Probe x2 (Chrono Boost)  
  68  5:30  Probe (Chrono Boost), Adept x3  
  72  5:36  Mothership Core (Chrono Boost)  
  72  5:37  Assimilator  
  72  5:42  Probe (Chrono Boost)  
  69  5:48  Pylon  
  69  5:50  Pylon  
  69  5:52  Adept  
  69  5:54  Probe x2 (Chrono Boost), Zealot  
  69  5:56  Sentry  
  77  6:03  Forge  
  77  6:04  Probe (Chrono Boost)  
  77  6:06  Probe (Chrono Boost)  
  71  6:12  Probe (Chrono Boost)  
  71  6:14  Adept x2  
  71  6:15  Probe (Chrono Boost)  
  71  6:16  Warp Prism  
  72  6:18  Probe (Chrono Boost)  
  72  6:22  Charge, Adept  
  72  6:23  Probe (Chrono Boost)  
  74  6:26  Probe (Chrono Boost)  
  74  6:30  Assimilator, Probe (Chrono Boost)  
  75  6:33  Probe (Chrono Boost)  
  75  6:34  Assimilator  
  75  6:38  Pylon  
  77  6:42  Adept  
  77  6:43  Adept  
  77  6:45  Adept  
  80  6:47  Probe (Chrono Boost)  
  80  6:48  Probe (Chrono Boost)  
  80  6:51  Probe (Chrono Boost), Protoss Ground Weapons Level 1  
  80  6:54  Immortal  
  80  6:59  Probe (Chrono Boost)  
  80  7:00  Probe (Chrono Boost)  
  86  7:07  Templar Archives, Sentry x2  
  90  7:11  Sentry  
  92  7:19  Templar Archives  
  92  7:25  Gateway  
  92  7:26  Gateway, Photon Cannon  
  92  7:33  Adept x2  
  96  7:40  Robotics Facility, Immortal  
  96  7:41  Probe (Chrono Boost)  
  96  7:42  Pylon  
  101  7:52  Zealot  
  101  7:53  Zealot x2  
  107  7:59  Psionic Storm  
  107  8:02  Gateway  
  107  8:06  Gateway  
  107  8:08  Gateway  
  107  8:15  Pylon  
  107  8:18  Pylon  
  107  8:20  High Templar x2, Pylon  
  107  8:21  High Templar x2  
  107  8:22  Zealot  
  117  8:29  Immortal  
  117  8:32  Archon  
  117  8:33  Immortal  
  125  8:35  Archon  
  125  8:36  Pylon  
  125  8:39  Pylon  
  125  8:42  Pylon  
  125  8:43  Pylon  
  123  8:48  Zealot  
  123  8:53  Zealot x2  
  123  8:55  Zealot  
  129  8:58  High Templar  
  131  9:03  Immortal, Photon Cannon  
  131  9:04  High Templar  
  131  9:06  Pylon  
  131  9:07  Immortal  
  141  9:22  Zealot x6  
  151  9:27  Pylon  
  151  9:28  Pylon  
  151  9:29  Photon Cannon  
  151  9:30  Pylon  
  143  9:37  High Templar x2  
  135  9:39  Immortal  
  135  9:42  Pylon  
  139  9:50  Stalker x4  
  139  9:52  Immortal  
  151  10:04  High Templar  
  153  10:08  Zealot  
  153  10:12  Zealot x3  
  153  10:13  Immortal  
  153  10:15  Zealot  
  154  10:22  Zealot  
  154  10:23  Zealot x2  
  143  10:39  Immortal  
  133  10:42  High Templar  
  133  10:43  High Templar  
  133  10:48  Immortal  
  121  11:06  Zealot x4  
  129  11:12  Nexus  
  129  11:13  Immortal  
  129  11:14  Protoss Ground Weapons Level 2  
  133  11:21  Adept x2  
  133  11:24  Observer  
  137  11:32  Fleet Beacon  
  138  11:38  Stargate  
  138  11:39  Zealot x3  
  144  11:40  Pylon  
  144  11:46  Probe x2 (Chrono Boost)  
  145  11:48  Probe (Chrono Boost)  
  143  11:59  Nexus  
  125  12:10  Stalker x2  
  129  12:19  Probe x2 (Chrono Boost)  
  129  12:20  High Templar x2  
  129  12:21  High Templar, Warp Prism  
  129  12:22  High Templar, Zealot x2  
  141  12:25  Archon  
  141  12:26  Probe (Chrono Boost), Archon  
  148  12:31  Probe x2 (Chrono Boost)  
  147  12:38  Probe (Chrono Boost)  
  123  12:59  Zealot x4  
  123  13:00  Probe (Chrono Boost)  
  123  13:01  High Templar x2  
  123  13:04  Probe (Chrono Boost)  
  136  13:07  Probe (Chrono Boost)  
  136  13:12  Probe (Chrono Boost)  
  137  13:17  Probe (Chrono Boost)  
  138  13:21  High Templar x2  
  138  13:26  Archon  
  138  13:27  Probe x2 (Chrono Boost)  
  144  13:28  High Templar  
  144  13:29  High Templar  
  145  13:38  Zealot x2  
  145  13:39  Archon  
  136  13:58  High Templar x2  
  136  14:01  Zealot  
  136  14:02  Archon  
Show
View Real Time Build Order
Export as new Build Order

TLO Zerg - Winner!

Build Orders: Hatch First, Lurkers 

Get SALT Encoding   

  12  0:00  Drone  
  13  0:14  Overlord  
  13  0:17  Drone  
  14  0:33  Drone x2  
  16  0:50  Hatchery  
  16  0:53  Drone  
  16  0:56  Drone  
  17  1:10  Spawning Pool  
  16  1:14  Drone  
  16  1:17  Drone  
  18  1:19  Drone  
  18  1:22  Extractor  
  18  1:30  Drone  
  19  1:40  Overlord  
  19  1:58  Queen  
  19  1:59  Zergling x2  
  22  2:02  Zergling x2  
  22  2:03  Queen, Zergling x2  
  26  2:13  Drone  
  26  2:14  Drone  
  28  2:23  Drone  
  28  2:27  Drone  
  30  2:37  Hatchery  
  30  2:38  Drone  
  30  2:39  Drone  
  31  2:44  Metabolic Boost  
  31  2:48  Drone  
  32  2:55  Queen  
  34  3:03  Overlord  
  33  3:07  Zergling x4  
  35  3:20  Zergling x2  
  35  3:22  Zergling x2  
  35  3:23  Zergling x2  
  35  3:24  Zergling x2  
  35  3:25  Drone  
  39  3:28  Drone  
  39  3:29  Drone x2  
  39  3:33  Drone  
  41  3:34  Drone  
  40  3:43  Drone  
  40  3:44  Drone  
  40  3:48  Drone  
  42  3:49  Drone  
  42  3:51  Drone  
  42  3:52  Drone  
  45  3:55  Overlord  
  45  3:57  Drone  
  45  4:01  Drone  
  47  4:03  Evolution Chamber  
  47  4:04  Overlord  
  47  4:05  Drone  
  47  4:06  Drone  
  47  4:07  Overlord  
  48  4:13  Drone x2  
  49  4:18  Drone  
  49  4:20  Queen  
  49  4:21  Drone  
  49  4:22  Drone  
  54  4:25  Zergling x4  
  54  4:27  Drone  
  54  4:30  Zerg Melee Weapons Level 1  
  57  4:32  Drone  
  57  4:35  Baneling Nest  
  57  4:38  Overlord  
  57  4:40  Drone  
  57  4:42  Zergling x4  
  60  4:48  Overlord  
  60  4:49  Zergling x4  
  60  4:51  Zergling x2  
  63  4:54  Zergling x6  
  63  4:56  Zergling x2  
  67  5:00  Queen  
  67  5:04  Zergling x4  
  67  5:06  Drone  
  72  5:10  Drone, Zergling x4  
  72  5:11  Drone  
  72  5:12  Overlord  
  76  5:17  Overlord  
  76  5:18  Drone  
  76  5:21  Drone  
  78  5:22  Drone  
  78  5:23  Drone  
  78  5:28  Drone  
  79  5:29  Drone  
  79  5:32  Drone x2  
  79  5:33  Drone x2  
  83  5:35  Lair  
  83  5:37  Drone  
  83  5:39  Spore Crawler  
  83  5:40  Spore Crawler  
  82  5:44  Baneling x4  
  82  5:46  Zergling x2  
  82  5:47  Zergling x2  
  82  5:49  Zergling x2, Extractor  
  84  5:50  Drone  
  84  5:53  Drone  
  84  5:54  Baneling  
  85  5:57  Drone x3  
  85  5:58  Drone, Extractor  
  85  6:01  Spine Crawler  
  85  6:03  Roach Warren  
  78  6:13  Drone, Zergling x2  
  78  6:15  Drone x2  
  78  6:16  Zergling x2  
  78  6:17  Zergling x4  
  80  6:19  Drone  
  80  6:23  Zergling x2  
  80  6:26  Zergling x2  
  80  6:31  Zergling x2  
  80  6:32  Drone  
  82  6:35  Drone  
  82  6:36  Hydralisk Den, Extractor  
  82  6:37  Drone, Extractor  
  82  6:38  Drone x2  
  82  6:39  Zerg Missile Weapons Level 1, Extractor  
  83  6:40  Drone  
  83  6:42  Hatchery  
  83  6:44  Zergling x2  
  83  6:45  Zergling x4  
  83  6:46  Zergling x2  
  84  6:48  Zergling x2  
  84  6:49  Zergling x2  
  84  6:50  Zergling x2  
  84  6:53  Zergling x2  
  83  6:57  Queen  
  83  6:59  Drone  
  83  7:01  Overlord, Centrifical Hooks  
  85  7:05  Drone  
  85  7:08  Drone, Overlord  
  86  7:09  Drone, Overlord x3  
  86  7:14  Muscular Augments  
  86  7:15  Overlord x2  
  88  7:16  Overlord  
  88  7:18  Hydralisk  
  88  7:19  Overlord  
  88  7:20  Baneling  
  90  7:23  Hydralisk  
  90  7:25  Drone  
  93  7:32  Hydralisk x3  
  93  7:35  Hydralisk  
  93  7:36  Hydralisk  
  102  7:40  Hydralisk  
  102  7:41  Hydralisk  
  102  7:43  Zergling x2  
  102  7:46  Hydralisk  
  102  7:47  Hydralisk  
  102  7:49  Zergling x2  
  107  7:52  Zergling x2  
  107  7:53  Drone x2  
  107  7:55  Drone x2  
  107  7:57  Drone  
  107  7:58  Hydralisk  
  113  8:01  Drone x2  
  113  8:04  Hydralisk  
  113  8:05  Zergling x2  
  120  8:07  Zergling x2  
  120  8:09  Hydralisk  
  120  8:10  Hydralisk  
  125  8:16  Hydralisk  
  125  8:17  Spore Crawler  
  125  8:19  Hydralisk  
  128  8:21  Hydralisk  
  130  8:28  Baneling x6  
  130  8:29  Baneling x6  
  130  8:30  Zergling x2  
  130  8:31  Zergling x4  
  133  8:34  Zergling x2, Hydralisk, Spore Crawler  
  133  8:37  Pneumatized Carapace  
  135  8:44  Overseer  
  132  8:51  Hydralisk x2  
  132  8:52  Zergling x6  
  132  8:53  Zergling x14  
  132  8:54  Baneling  
  132  8:55  Zergling x2  
  139  8:57  Zergling x4  
  139  8:59  Zergling x2  
  139  9:00  Hydralisk  
  144  9:05  Zergling x6  
  144  9:06  Zergling x4  
  149  9:16  Hydralisk  
  149  9:17  Hydralisk  
  149  9:18  Hydralisk  
  149  9:19  Hydralisk x2  
  149  9:23  Hydralisk x3  
  158  9:25  Hydralisk  
  158  9:30  Hydralisk  
  158  9:31  Hydralisk  
  160  9:34  Zergling x2  
  160  9:35  Zergling x2  
  160  9:36  Zergling x4  
  160  9:37  Zergling x2  
  161  9:39  Zergling x2  
  161  9:40  Baneling x5  
  161  9:41  Zergling x6  
  165  9:45  Hydralisk x2  
  165  9:48  Zergling x4  
  165  9:49  Zergling x2  
  172  9:53  Hydralisk  
  172  9:57  Zerg Missile Weapons Level 2  
  174  10:00  Overlord  
  174  10:01  Hydralisk  
  174  10:06  Zergling x2  
  176  10:07  Zergling x2  
  176  10:08  Zergling x2  
  176  10:13  Overlord, Hatchery  
  176  10:14  Zergling x2  
  171  10:15  Zergling x2  
  171  10:16  Lurker Den  
  171  10:18  Zergling x4  
  171  10:22  Zergling x2  
  171  10:26  Zergling x4  
  171  10:27  Zergling x2  
  173  10:31  Hydralisk x2  
  173  10:33  Zergling x6  
  173  10:34  Zergling x2  
  174  10:37  Zergling x2  
  174  10:42  Hydralisk x3  
  165  10:43  Zergling x2  
  165  10:44  Zergling x2  
  165  10:45  Zergling x4  
  165  10:46  Zergling x2  
  165  10:47  Baneling  
  165  10:48  Zergling x2  
  165  10:49  Zergling x2  
  164  10:51  Zergling x2  
  164  10:52  Hydralisk x2  
  164  10:54  Zergling x2  
  164  10:55  Zergling x2  
  145  10:59  Zergling x2  
  145  11:00  Hydralisk  
  145  11:01  Zergling x2, Hydralisk  
  145  11:03  Zergling x2  
  134  11:05  Zergling x2  
  134  11:08  Zergling x2  
  134  11:09  Queen  
  134  11:11  Extractor  
  133  11:12  Baneling  
  133  11:13  Baneling x6  
  133  11:16  Hydralisk x3  
  139  11:21  Drone  
  139  11:22  Zergling x4  
  139  11:25  Zergling x2  
  143  11:28  Zergling x2  
  143  11:30  Baneling x6  
  143  11:31  Baneling x4  
  144  11:40  Hydralisk x3  
  150  11:48  Lurker  
  150  11:50  Lurker x2, Overlord  
  153  11:59  Lurker x2  
  154  12:07  Zergling x2, Hydralisk  
  143  12:08  Zergling x2  
  143  12:09  Lurker  
  143  12:10  Zergling x4  
  143  12:13  Overlord  
  143  12:14  Hydralisk x2  
  143  12:15  Zergling x24  
  158  12:21  Extractor, Baneling  
  158  12:22  Zergling x2, Baneling  
  163  12:23  Zergling x2  
  163  12:25  Lurker, Hydralisk  
  163  12:28  Zergling x2  
  163  12:29  Zergling x2  
  169  12:32  Zergling x2  
  169  12:33  Zergling x2  
  169  12:35  Zergling x2  
  168  12:38  Zergling x2, Lurker  
  168  12:39  Lurker  
  168  12:40  Zergling x4  
  168  12:41  Zergling x4  
  168  12:42  Zergling x2  
  168  12:44  Zergling x2  
  170  12:46  Zergling x4  
  170  12:48  Zergling x4  
  170  12:49  Zergling x2  
  170  12:50  Zergling x2  
  169  12:56  Hydralisk x2  
  169  12:57  Hydralisk x2  
  151  13:02  Hydralisk  
  151  13:03  Hydralisk x2  
  151  13:04  Hydralisk x2  
  157  13:07  Hydralisk x2  
  157  13:10  Infestation Pit, Baneling x3  
  157  13:11  Zergling x2  
  157  13:12  Hydralisk  
  160  13:15  Baneling  
  160  13:17  Hydralisk  
  164  13:20  Hydralisk  
  164  13:21  Zergling x16  
  164  13:22  Hydralisk  
  164  13:25  Baneling x2  
  164  13:26  Baneling  
  176  13:28  Zergling x2  
  176  13:31  Zergling x4  
  176  13:32  Hydralisk x2  
  183  13:38  Baneling x5  
  183  13:40  Zergling x4  
  184  13:41  Hydralisk  
  184  13:43  Hydralisk  
  188  13:49  Zergling x2  
  188  13:50  Zergling x2  
  190  13:58  Lurker  
  190  13:59  Zergling x2  
  189  14:05  Zergling x2  
  189  14:08  Zergling x2  
Tags
 
Add a new tag
Caveats
  • Supply blocks, unpowered buildings, or Contaminate may cause inaccurate times.
  • Supply counts are checked every 10 seconds.